 Dungeon Crawl Stone Soup version 0.31-a0-841-g038b102fc3 (webtiles) character file.

Game seed: 12393658194559200890

98 lunkers the Insei (level 5, 0/21 HPs)
             Began as a Meteoran Shapeshifter on Sept 27, 2023.
             Succumbed to an adder's poison
             ... on level 3 of the Dungeon.
             The game lasted 00:01:11 (848 turns).

lunkers the Insei (Meteoran Shapeshifter)            Turns: 848, Time: 00:01:12

Health: 0/21       AC:  5    Str: 20    XL:     5   Next: 21%
Magic:  6/6        EV: 10    Int: 11    God:
Gold:   117        SH:  0    Dex: 16    Spells: 4/4 levels left

rFire   . .          .
                       - Unarmed
rCold   . . .        (shield currently unavailable)
rNeg    . . .        a - melded +0 animal skin
rPois   .            (helmet currently unavailable)
rElec   .            (cloak currently unavailable)
rCorr   .            (gloves currently unavailable)
SInv    .            (boots currently unavailable)
Will    .....        (no amulet)
Stlth   +            (no ring)
HPRegen 0.23/turn    (no ring)
MPRegen 0.10/turn

%: no passive effects
@: lethally poisoned (0 -> -6), snake-form, glowing
A: constrict, reduced hp, large, sense surroundings 1, otherworldly, glowing,
explore regen
a: Begin Untransformation


You were on level 3 of the Dungeon.
You were an enormous anaconda.
You visited 1 branch of the dungeon, and saw 3 of its levels.

You collected 117 gold pieces.

Inventory:

Missiles
 m - a throwing net
Armour
 a - a +0 animal skin (melded)
Talismans
 c - a beast talisman
 d - a flux talisman
 n - a serpent talisman (active)
Wands
 k - a wand of roots (7)
Scrolls
 f - 2 scrolls of identify {unknown}
 l - a scroll of immolation {unknown}
Potions
 b - 2 potions of lignification
 e - a potion of might {unknown}
 g - a potion of heal wounds {unknown}
 h - a potion of cancellation {unknown}
 i - a potion of brilliance {unknown}
 j - 2 potions of enlightenment {unknown}


   Skills:
 - Level 1.1 Fighting
 - Level 2.1 Dodging
 * Level 5.6 Unarmed Combat
 + Level 4.5 Shapeshifting


You had 4 spell levels left.
You didn't know any spells.
Your spell library was empty.

Dungeon Overview and Level Annotations

Branches:
Dungeon (3/15) Zot: 961

Altars:


Innate Abilities, Weirdness & Mutations

You are an enormous anaconda.
You have a powerful constriction melee attack.
Your maximum health is decreased, since you lack skill for your form.
Your armour is entirely melded.
You are incapable of wielding weapons or throwing items.
You passively map a small area around you.
You are easily found by Zot.
You glow in the dark.
You regain HP and MP as you explore.


Message History

Terence hits you with a +0 short sword.
* * * LOW HITPOINT WARNING * * *
You hit Terence.
Terence is lightly wounded.
You constrict Terence. Terence completely misses you.
Unknown command.
You hit Terence.
Terence is moderately wounded.
You constrict Terence. Terence hits you with a +0 short sword.
* * * LOW HITPOINT WARNING * * *
You hit Terence.
Terence is severely wounded.
You constrict Terence, but do no damage.
Terence barely misses you.
Unknown command.
You hit Terence.
Terence is almost dead.
You constrict Terence. You lash Terence!
You kill Terence!
The adder closely misses you.
You have reached level 5!
You barely miss the adder. Your grab misses the adder. The adder bites you.
* * * LOW HITPOINT WARNING * * *
You are lethally poisoned!
The adder poisons you!
You barely miss the adder. You grab the adder. You constrict the adder.
* * * LOW HITPOINT WARNING * * *
You feel sick. The adder bites you but does no damage.
You hit the adder but do no damage.
The adder is lightly wounded.
You constrict the adder.
* * * LOW HITPOINT WARNING * * *
You feel sick. The adder bites you.
* * * LOW HITPOINT WARNING * * *
You are more poisoned.
The adder poisons you!
You hit the adder.
You kill the adder!
You die...

* , ***#........#.
#......* #........#.#
#...... #........#..
#...... #........#..
#...... ###.........
#...... #.........
#......* #.........
#.....)########.........
#S................
#.................
#..........#...##'
#.........>..####.
#..........### #.
#..........# #.
#..........# #.
#.....)....# #.
#..........# #.


There were no monsters in sight!

Vanquished Creatures
  Terence (D:3)
  4 adders
  2 worms (D:2)
  2 dart slugs
  2 ball pythons (D:2)
  3 bats (D:2)
  4 endoplasms
  A giant cockroach (D:1)
  2 goblins (D:2)
  5 hobgoblins
  3 kobolds
  2 quokkas (D:1)
  3 frilled lizards
  2 rats (D:1)
36 creatures vanquished.

Notes
Turn   | Place    | Note
-------+----------+-------------------------------------------
     0 | D:1      | lunkers the Meteoran Shapeshifter began the quest for the
                  | Orb.
     0 | D:1      | Reached XP level 1. HP: 16/16 MP: 2/2
    35 | D:1      | Reached skill level 4 in Unarmed Combat
    35 | D:1      | Reached XP level 2. HP: 19/23 MP: 3/3
   236 | D:2      | Reached XP level 3. HP: 24/28 MP: 4/4
   360 | D:2      | Reached skill level 5 in Unarmed Combat
   360 | D:2      | Reached XP level 4. HP: 19/35 MP: 5/5
   834 | D:3      | Noticed Terence
   844 | D:3      | Killed Terence
   845 | D:3      | Reached XP level 5. HP: 6/40 MP: 6/6
   848 | D:3      | Succumbed to an adder's poison

Illustrated notes

Levels and vault maps discovered:
D:1:      sevenhm_arrival_forest_fort_small_3, layout_rooms,
          minmay_small_reverse_x
D:2:      layout_basic, basic_altar, kennysheep_flooded_box, hex_tiny
D:3:      layout_basic, hellmonk_ecumenical_altar_crossroads, uniq_terence

Skill      XL: |  1  2  3 |
---------------+----------+-----
Unarmed Combat | 4 5 |  5.6
Shapeshifting  | 4 |  4.5
Fighting       | |  1.1
Dodging        | |  2.1

Action                     |  1- 3 |  4- 6 || total
---------------------------+-------+-------++-------
  Melee: Unarmed           |    59 |    42 ||   101
         Punch             |     1 |     1 ||     2
         Constrict         |       |     3 ||     3
    Use: Scroll            |     1 |       ||     1
 Armour: Animal skin       |    23 |    14 ||    37
         Skin              |       |    10 ||    10
  Dodge: Dodged            |    31 |    22 ||    53
   Form: Anaconda          |       |     1 ||     1

Table legend: (Time is in decaauts)
 A = Elapsed time spent in this place.
 B = Non-inter-level travel time spent in this place.
 C = Inter-level travel time spent in this place.
 D = Time resting spent in this place.
 E = Time spent auto-exploring this place.
 F = Levels seen in this place.
 G = Mean time per level.
                   A        B        C        D        E       F      G
               +--------+--------+--------+--------+--------+-----+--------+
         Total |    838 |    810 |     28 |      0 |    599 |   3 |  279.3 |
       Dungeon |    838 |    810 |     28 |      0 |    599 |   3 |  279.3 |
               +--------+--------+--------+--------+--------+-----+--------+

Top non-repeatable levels by time:
     D:2: 535 daAuts
     D:1: 226 daAuts
     D:3: 76 daAuts
